 Dungeon Crawl Stone Soup version 0.29.0-5-ge4962eb29e (webtiles) character file.

Game seed: 16938606460019587715

3037 gelatine the Chopper (level 9, -8/67 HPs)
             Began as a Demonspawn Gladiator on Aug 28, 2022.
             Was a Believer of Uskayaw.
             Mangled by Joseph
             ... wielding a +0 quarterstaff
              (20 damage)
             ... on level 8 of the Dungeon.
             The game lasted 00:16:46 (7782 turns).

gelatine the Chopper (Demonspawn Gladiator)         Turns: 7782, Time: 00:16:46

Health: -8/67      AC:  7    Str: 18    XL:     9   Next: 56%
Magic:  6/9        EV: 14    Int:  9    God:    Uskayaw [**....]
Gold:   347        SH:  0    Dex: 16    Spells: 7/8 levels left

rFire   + . .      SeeInvis .   a - +0 war axe
rCold   . . .      Faith    .   (no shield)
rNeg    . . .      Spirit   .   F - +2 robe {Will+}
rPois   .          Reflect  .   (helmet restricted)
rElec   .          Harm     .   (no cloak)
rCorr   .          Rampage  .   k - +1 pair of gloves
Will    +....                   d - +0 pair of boots
Stlth   +++.......              (no amulet)
HPRegen 0.21/turn               h - +4 ring of slaying
MPRegen 0.22/turn               N - ring of protection from fire

@: no status effects
A: antennae 2, claws 1, demonic guardian 1, magic regeneration, weakness stinger
1
a: Renounce Religion, Stomp, Line Pass


You were on level 8 of the Dungeon.
You worshipped Uskayaw.
Uskayaw was noncommittal.
You visited 2 branches of the dungeon, and saw 9 of its levels.

You collected 347 gold pieces.

Inventory:

Hand Weapons
 a - a +0 war axe (weapon)
 e - a +3 long sword
 p - a +1 dagger of venom
 y - a +0 shortbow
 D - a +4 halberd of freezing
 E - a +4 great sword
 H - a +0 whip of flaming
 J - a +1 vampiric trident
Missiles
 Q - 3 javelins (quivered)
Armour
 c - a +0 helmet
 d - a +0 pair of boots (worn)
 k - a +1 pair of gloves (worn)
 v - a +0 ring mail
 x - a +0 scale mail
 B - a +0 chain mail
 F - a +2 robe of willpower (worn)
Jewellery
 h - a +4 ring of slaying (left hand)
 N - a ring of protection from fire (right hand)
Wands
 g - a wand of flame (26)
 G - a wand of roots (26)
Scrolls
 b - a scroll of immolation {unknown}
 f - 7 scrolls of identify {unknown}
 i - 3 scrolls of noise {unknown}
 j - 7 scrolls of teleportation {unknown}
 l - a scroll of torment {unknown}
 r - 4 scrolls of amnesia {unknown}
 s - 2 scrolls of enchant armour {unknown}
 t - a scroll of brand weapon {unknown}
 z - a scroll of fog {unknown}
 A - 2 scrolls of poison {unknown}
 I - a scroll of summoning {unknown}
 L - a scroll of blinking {unknown}
 O - a scroll of vulnerability {unknown}
Potions
 m - 2 potions of might {unknown}
 n - a potion of haste {unknown}
 o - a potion of flight {unknown}
 q - 6 potions of curing
 u - 2 potions of ambrosia {unknown}
 w - a potion of heal wounds {unknown}
 C - 2 potions of mutation {unknown}
 K - a potion of degeneration {unknown}
 M - a potion of berserk rage {unknown}
 P - a potion of brilliance {unknown}


   Skills:
 + Level 4.9 Fighting
 + Level 7.9 Axes
 + Level 5.8 Throwing
 + Level 4.0 Armour
 + Level 4.3 Dodging
 + Level 4.2 Stealth


You had 7 spell levels left.
You knew the following spells:

 Your Spells              Type           Power      Damage    Failure   Level
a - Sting                 Tmut/Pois      0%         1d3       36%         1

Your spell library contained the following spells:

 Spells                   Type           Power      Damage    Failure   Level
 Sandblast                Erth           0%         2d4       38%         1
 Passwall                 Tmut/Erth      0%         N/A       52%         2
 Poisonous Vapours        Pois/Air       0%         N/A       52%         2
 Stone Arrow              Conj/Erth      0%         3d7       77%         3
 Olgreb's Toxic Radiance  Pois           0%         N/A       98%         4
 Corpse Rot               Necr/Pois/Air  0%         N/A       99%         4


Dungeon Overview and Level Annotations

Branches:
Dungeon (8/15)             Temple (1/1) D:4
   Lair: D:8-11

Altars:
Ashenzari
Cheibriados
Fedhas
Gozag
Hepliaklqana
Kikubaaqudgha
Makhleb
Nemelex Xobeh
Okawaru
Qazlal
Ru
Sif Muna
Trog
Uskayaw
Vehumet
Wu Jian
Xom
Yredelemnul

Annotations:
D:4 3 runed translucent doors, Tiocfaidh's ghost, novice DjTm
D:8 Joseph


Innate Abilities, Weirdness & Mutations

You have a pair of antennae on your head.
You have sharp fingernails.
A weak demonic guardian rushes to your aid.
You regenerate magic rapidly.
You have a small tail.


Message History

Your demonic guardian avoids your attack.
The grasping roots constrict Joseph.
The grasping roots constrict the centaur.
The grasping roots constrict the kobold brigand.
The centaur barely misses you.
The centaur kicks you but does no damage.
Your shadow imp hits Joseph.
The kobold brigand hits your shadow imp but does no damage.
Joseph hits you with a +0 quarterstaff!
* * * LOW HITPOINT WARNING * * *
You can now pass through a line of other dancers.
It was a potion of curing.
You feel better.
The grasping roots constrict Joseph.
The grasping roots constrict the centaur.
The grasping roots constrict the kobold brigand.
The roots release their grip on Joseph.
The roots release their grip on the centaur.
The roots release their grip on the kobold brigand.
The centaur closely misses you. The centaur kicks you.
The centaur barely misses you. The centaur closely misses you.
Your shadow imp hits Joseph.
The kobold brigand hits your shadow imp with a +0 club.
Joseph misses you.
You stomp with the beat, sending a shockwave through the revellers around you!
The centaur is heavily wounded.
Joseph is heavily wounded.
The centaur hits you. The centaur kicks you.
Your shadow imp hits Joseph.
The kobold brigand hits your shadow imp but does no damage.
Joseph hits you with a +0 quarterstaff!
* * * LOW HITPOINT WARNING * * *
Unknown command.
You hit Joseph.
Joseph is heavily wounded.
You closely miss the centaur. The centaur misses you.
The centaur kicks you but does no damage.
The centaur hits you but does no damage.
The centaur misses you.
Your shadow imp hits the kobold brigand.
The kobold brigand closely misses your shadow imp.
Joseph hits you with a +0 quarterstaff!!
You die...

#....#..# #.....
#....#..########
#........# #
#####.##.## #
######.##..# ##
#......###.### #.
#?########...###.
###.## #........
#c@..# #........
...KKK@...#
#........
######5...#
#........ #....#
#........ #....#
#........ ######
#.....>..
#########


You could see Joseph, a kobold brigand (ally target), a centaur, 2 kobolds and a
friendly shadow imp (summoned).

Vanquished Creatures
  Pikel (D:6)
  Grinder (D:4)
  Sigmund (D:4)
  An orc warrior (D:7)
  An ice beast (D:8)
  3 black bears
  An ogre (D:6)
  A centaur (D:7)
  A phantom (D:6)
  3 lemures (D:6)
  A bullfrog (D:5)
  3 scorpions
  2 necrophages
  7 wights
  3 hounds
  2 orc priests (D:7)
  Jessica (D:2)
  A gnoll bouda (D:6)
  4 iguanas
  3 orc wizards
  Robin (D:2)
  13 gnolls
  8 adders
  3 worms
  2 dart slugs (D:1)
  25 orcs
  3 endoplasms
  3 giant cockroaches
  17 goblins
  6 hobgoblins
  7 kobolds
  6 quokkas
  10 ball pythons
  2 bats (D:3)
  3 frilled lizards
  8 rats
158 creatures vanquished.

Vanquished Creatures (collateral kills)
  A phantom (D:6)
1 creature vanquished.

Vanquished Creatures (others)
  A fungus (D:1)
1 creature vanquished.

Grand Total: 160 creatures vanquished

Notes
Turn   | Place    | Note
-------+----------+-------------------------------------------
     0 | D:1      | gelatine the Demonspawn Gladiator began the quest for the
                  | Orb.
     0 | D:1      | Reached XP level 1. HP: 16/16 MP: 1/1
    13 | D:1      | Found a faded altar of an unknown god.
    30 | D:1      | Prayed at the altar of an unknown god.
    30 | D:1      | Became a worshipper of Uskayaw the Reveller
    30 | D:1      | Reached * piety under Uskayaw
   165 | D:1      | Reached ** piety under Uskayaw
   177 | D:1      | Reached *** piety under Uskayaw
   178 | D:1      | Reached skill level 3 in Axes
   354 | D:1      | Discovered your monstrous ancestry.
   354 | D:1      | Gained mutation: You have sharp fingernails. [demonic
                  | ancestry]
   354 | D:1      | Reached XP level 2. HP: 22/22 MP: 2/2
   767 | D:1      | Reached **** piety under Uskayaw
   768 | D:1      | Gained mutation: You regenerate magic rapidly. [demonic
                  | ancestry]
   768 | D:1      | Reached XP level 3. HP: 21/27 MP: 3/3
   773 | D:1      | Reached skill level 1 in Armour
  1023 | D:2      | Noticed Robin
  1037 | D:2      | HP: 1/28 [goblin/+0 club[Robin] (2)]
  1039 | D:2      | Killed Robin
  1040 | D:2      | Reached skill level 1 in Stealth
  1394 | D:2      | Reached XP level 4. HP: 30/34 MP: 4/4
  2188 | D:2      | Noticed Jessica
  2198 | D:2      | Killed Jessica
  2199 | D:2      | Gained mutation: You have a pair of small antennae on your
                  | head. [demonic ancestry]
  2199 | D:2      | Reached XP level 5. HP: 13/39 MP: 1/5
  2430 | D:3      | Reached skill level 4 in Axes
  3245 | D:4      | Noticed Sigmund
  3248 | D:4      | Killed Sigmund
  3249 | D:4      | Gained mutation: You have a pair of antennae on your head.
                  | [demonic ancestry]
  3249 | D:4      | Reached XP level 6. HP: 42/47 MP: 6/6
  3279 | D:4      | Found a staircase to the Ecumenical Temple.
  3303 | Temple   | Entered the Ecumenical Temple
  3489 | D:4      | Reached skill level 5 in Axes
  3553 | D:4      | Noticed Grinder
  3560 | D:4      | Paralysed by Grinder for 3 turns
  3565 | D:4      | Killed Grinder
  3566 | D:4      | Gained mutation: You have a small tail. [demonic ancestry]
  3566 | D:4      | Reached XP level 7. HP: 19/52 MP: 7/7
  3980 | D:4      | Identified the +0 ring mail of Jikhio Iniev {Fly rN+ Str+3
                  | Int+4}
  3982 | D:4      | Found a runed translucent gate.
  3982 | D:4      | Found a runed translucent gate.
  3983 | D:4      | Found a runed translucent gate.
  3985 | D:4      | Noticed Tiocfaidh's ghost (novice DjTm)
  4347 | D:5      | Entered Level 5 of the Dungeon
  4491 | D:5      | Reached skill level 6 in Axes
  4958 | D:5      | Reached XP level 8. HP: 60/60 MP: 8/8
  5553 | D:5      | Found a shimmering blue altar of Sif Muna.
  6101 | D:6      | Found a shimmering altar of Xom.
  6102 | D:6      | Found a hazy altar of Hepliaklqana.
  6103 | D:6      | Noticed a spectral ugly thing
  6257 | D:6      | Noticed Pikel
  6270 | D:6      | Reached skill level 7 in Axes
  6270 | D:6      | Killed Pikel
  6271 | D:6      | Reached skill level 5 in Throwing
  6271 | D:6      | Gained mutation: A weak demonic guardian rushes to your
                  | aid. [demonic ancestry]
  6271 | D:6      | Reached XP level 9. HP: 26/66 MP: 5/9
  6975 | D:7      | Learned a level 1 spell: Sting
  7770 | D:8      | Noticed Joseph
  7782 | D:8      | Mangled by Joseph

Illustrated notes

Levels and vault maps discovered:
D:1:      lightli_arrival_chessboard, layout_loops_cross,
          shapermc_ecumenical_altar_mp_ritualfount
D:2:      layout_basic, dk_noncrumbling_3, kennysheep_jessica_study, uniq_robin
D:3:      layout_basic
D:4:      layout_basic, minmay_temple_entry_ruins, biasface_ghost_orc_armoury,
          uniq_grinder, uniq_sigmund
D:5:      layout_basic, lemuel_blue_sif_altar
D:6:      layout_cave_pools, regret_index_temple_of_mockery, uniq_pikel
D:7:      layout_cave_pools
D:8:      layout_rooms, special_room [special_room_orc], uniq_joseph
Temple:   compressed_dpeg_circular_temple

Skill      XL: |  1  2  3  4  5  6  7  8  9 |
---------------+----------------------------+-----
Axes           | 3 4 5 6 7 |  7.9
Throwing       | 2 5 |  5.8
Armour         | 1 2 3 4 |  4.0
Dodging        | 3 4 |  4.3
Stealth        | 1 2 3 4 |  4.2
Fighting       | 3 4 |  4.9

Action                   |  1- 3 |  4- 6 |  7- 9 || total
-------------------------+-------+-------+-------++-------
Melee: War axe           |    71 |    99 |   120 ||   290
       Punch             |       |     1 |     4 ||     5
       Tailslap          |       |       |    14 ||    14
Throw: Throwing net      |     2 |     3 |       ||     5
       Javelin           |       |     3 |    22 ||    25
       Boomerang         |       |       |   104 ||   104
 Cast: Sting             |       |       |     1 ||     1
Invok: Stomp             |     1 |     1 |     2 ||     4
Evoke: Wand              |       |       |     1 ||     1
  Use: Potion            |     1 |       |     1 ||     2
 Stab: Paralysed         |     4 |       |    10 ||    14
       Sleeping          |     3 |     3 |     3 ||     9
       Held in net/web   |     3 |       |       ||     3
Armor: Leather armour    |    27 |    17 |       ||    44
       Ring mail         |       |    19 |    26 ||    45
       Robe              |       |       |    29 ||    29
Dodge: Dodged            |    56 |    56 |   120 ||   232
